 Dungeon Sprint DCSS version 0.23.0 (webtiles) character file.

Game seed: 10406709922004880720

238 Groucho the Covert (level 5, -4/24 HPs)
             Began as a Spriggan Enchanter on Feb 12, 2019.
             Was an Initiate of Dithmenos.
             Slain by a human
             ... wielding a +0 club
              (11 damage)
             ... in the Dungeon (Sprint III: "The Ten Rune Challenge").
             The game lasted 00:02:52 (412 turns).

Groucho the Covert (Spriggan Enchanter)              Turns: 412, Time: 00:02:53

Health: -4/24      AC:  2    Str:  5    XL:     5   Next: 78%
Magic:  13/16      EV: 18    Int: 16    God:    Dithmenos [......]
Gold:   25         SH:  0    Dex: 17    Spells: 13/19 levels left

rFire    . . .     SeeInvis +   a - +1 dagger
rCold    . . .     Gourm    .   (shield restricted)
rNeg     . . .     Faith    .   b - +0 robe
rPois    .         Spirit   .   (helmet restricted)
rElec    .         Reflect  .   (no cloak)
rCorr    .         Harm     .   (gloves unavailable)
MR       .....     NoTele   +   (boots unavailable)
Stlth    ++++++....             (no amulet)
HPRegen  0.08/turn              (no ring)
MPRegen  0.15/turn              (no ring)

@: very slightly contaminated, very quick
A: very small, unfitting armour, see invisible, herbivore, speed 3, slow
metabolism 2
a: Renounce Religion


You were in the Dungeon.
You worshipped Dithmenos.
Dithmenos was noncommittal.
You were not hungry.

You visited 1 branch You collected 25 gold pieces.

Inventory:

Hand Weapons
 a - a +1 dagger (weapon)
 u - a +5 dagger of draining
Armour
 b - a +0 robe (worn)
 k - a +2 robe of magic resistance
Wands
 t - a wand of paralysis (5)
Scrolls
 c - a scroll of magic mapping {unknown}
 j - a scroll of blinking
 m - a scroll of torment {unknown}
 n - 3 scrolls of identify
 o - a scroll of remove curse {unknown}
 r - a scroll of holy word {unknown}
 s - a scroll of enchant weapon {unknown}
Potions
 e - a potion of curing
 g - a potion of haste
 h - a potion of magic
 i - a potion of berserk rage
 l - 3 potions of mutation {unknown}
 p - 2 potions of agility {unknown}
 q - a potion of flight {unknown}
Comestibles
 d - 3 rations


   Skills:
 - Level 1.1 Short Blades
 - Level 3.0 Dodging
 * Level 13.3 Stealth
 + Level 7.6 Spellcasting
 + Level 8.1 Hexes


You had 13 spell levels left.
You knew the following spells:

 Your Spells              Type           Power        Failure   Level  Hunger
a - Corona                Hex            ####...      1%          1    None
b - Ensorcelled Hibernat  Hex/Ice        ###...       3%          2    None
c - Confuse               Hex            ####....     1%          3    ##.....

Your spell library contained the following spells:

 Spells                   Type           Power        Failure   Level  Hunger
 Tukima's Dance           Hex            ####....     1%          3    ##.....
 Dazzling Spray           Conj/Hex       ###...       7%          3    ##.....


Dungeon Overview and Level Annotations

Branches:
Dungeon (1/1)

Altars:
Dithmenos
Okawaru
Ru
Trog
Uskayaw
Wu Jian
Yredelemnul
Beogh


Innate Abilities, Weirdness & Mutations

You are very small and have problems with some larger weapons.
You are too small for most types of armour.
You have supernaturally acute eyesight. (SInv)
You are a herbivore.
You cover ground extremely quickly.
You need to consume almost no food.


Message History

The human hits the human with a +0 club!
The human closely misses the human.
You feel much better. The human barely misses you.
The human rages.
The human closely misses the human.
Magic courses through your body.
The human barely misses the human.
The human hits you.
Casting: Confuse (safe; 1% risk of failure)
Confirm with . or Enter, or press ? or * to list all spells.
Aiming: Confuse (safe; 1% risk of failure)
Press: ? - help, Shift-Dir - straight line, f/p - human
Aim: a human (heavily wounded, unusually strong, chance to defeat MR: 61%)
The human appears confused.
The human barely misses you.
You hit the human.
The human is severely wounded.
The human closely misses you. The human hits you with a +0 club!
Ouch! That really hurt!
* * * LOW HITPOINT WARNING * * *
The human hits you with a +0 club!
You die...

▓▓▓ # ##.# ########
#####..# #__p#__#
.#..#..# #__p#._#
.#..#..###+#'###'##
.##'#..#........@p#
.###...'.⌠......p.#
####...#...######+#
###....#.⌠.#
##.....#...#
#......#+###
)#.....# ###....#
▓▓▓▓▓▓


You could see 2 humans.

Vanquished Creatures
  A necrophage (D)
  A water elemental (D)
  Crazy Yiuf (D)
  Jessica (D)
  A necromancer (D)
  A human (D)
  3 rats (D)
9 creatures vanquished.

Vanquished Creatures (others)
  2 draconian scorchers (D)
  6 hellions (D)
  A yaktaur (D)
9 creatures vanquished.

Grand Total: 18 creatures vanquished

Notes
Turn   | Place    | Note
-------+----------+-------------------------------------------
     0 | D        | Groucho the Spriggan Enchanter began the quest for the Orb.
     0 | D        | Reached XP level 1. HP: 9/9 MP: 5/5
    13 | D        | Reached skill level 5 in Stealth
    26 | D        | Noticed Jessica
    30 | D        | Killed Jessica
    30 | D        | Reached skill level 7 in Stealth
    30 | D        | Reached skill level 5 in Hexes
    30 | D        | Reached XP level 2. HP: 13/13 MP: 6/8
    45 | D        | Killed a yaktaur
    56 | D        | Learned a level 2 spell: Ensorcelled Hibernation
   115 | D        | Killed a hellion
   118 | D        | Killed a hellion
   139 | D        | Killed a hellion
   148 | D        | Killed a hellion
   151 | D        | Killed a hellion
   166 | D        | Noticed Crazy Yiuf
   178 | D        | Killed Crazy Yiuf
   178 | D        | Reached skill level 9 in Stealth
   178 | D        | Reached skill level 5 in Spellcasting
   178 | D        | Reached XP level 3. HP: 16/16 MP: 4/10
   227 | D        | Killed a hellion
   265 | D        | Killed a white draconian scorcher
   266 | D        | Killed a white draconian scorcher
   326 | D        | Reached XP level 4. HP: 21/21 MP: 9/12
   349 | D        | Noticed a water elemental
   352 | D        | Killed a water elemental
   352 | D        | Reached skill level 11 in Stealth
   369 | D        | Found a shadowy altar of Dithmenos.
   369 | D        | Noticed a necrophage
   370 | D        | Found a basalt altar of Yredelemnul.
   370 | D        | Found a sacrificial altar of Ru.
   371 | D        | Killed a necrophage
   371 | D        | Reached skill level 13 in Stealth
   371 | D        | Reached XP level 5. HP: 24/24 MP: 13/15
   379 | D        | Became a worshipper of Dithmenos the Shadowed
   390 | D        | Found a hide-covered altar of Uskayaw.
   390 | D        | Found an iron altar of Okawaru.
   391 | D        | Found a roughly hewn altar of Beogh.
   391 | D        | Found a bloodstained altar of Trog.
   391 | D        | Found an ornate altar of the Wu Jian Council.
   391 | D        | Noticed a human
   391 | D        | Noticed a human
   397 | D        | Learned a level 3 spell: Confuse
   412 | D        | Slain by a human

Skill      XL: |  1  2  3  4  5 |
---------------+----------------+-----
Stealth        | 7 9 13 | 13.3
Spellcasting   | 4 5 7 |  7.6
Hexes          | 5 6 7 8 |  8.1
Short Blades   | |  1.1
Dodging        | |  3.0

Action                   |  1- 3 |  4- 6 || total
-------------------------+-------+-------++-------
Melee: Dagger            |    11 |     4 ||    15
 Cast: Ensorcelled Hiber |     4 |     2 ||     6
       Confuse           |       |     4 ||     4
  Use: Potion            |       |     2 ||     2
 Stab: Sleeping          |     5 |     3 ||     8
Dodge: Dodged            |     7 |    10 ||    17
